Nordiques vs Kings
Created - April 18, 2020 at 19:10
Goals
|
| Nordiques |
1 |
0 |
0 |
1 |
| Kings |
2 |
1 |
0 |
3 |
|
Shots
|
| Nordiques |
15 |
5 |
7 |
27 |
| Kings |
14 |
8 |
10 |
32 |
|
1st period
1. Kings , Matt Martin 15 (Jason Akeson 8) at 7:11 (PP)
2. Kings , Gilbert Brule 24 (Blake Wheeler 10, Dougie Hamilton 15) at 9:09 (SH)
3. Nordiques , Evander Kane 33 (Vladimir Tarasenko 38, Jonathan Quick) at 10:00 (PP)
Penalties :
Ryan Murray (LAK) for Slashing (Minor) at 1:51, Mike Brown (Que) for Holding (Minor) at 6:35, Darnell Nurse (LAK) for Hooking (Minor) at 8:40, Trevor Daley (Que) for Roughing (Minor) at 14:23, Brad Boyes (LAK) for Hooking (Minor) at 17:00
2nd period
4. Kings , Matt Martin 16 (Gilbert Brule 28, Shea Weber 25) at 9:43
Penalties :
Evander Kane (Que) for Boarding (Minor) at 2:06, Darnell Nurse (LAK) for Goalie Interference (Minor) at 5:51
3rd period
No Goal
Penalties :
Tim Connolly (Que) for Roughing (Minor) at 4:27, T.J. Fast (Que) for High sticking (Minor) at 10:37
Goalie Stats
Jonathan Quick (Que), 29 saves from 32 shots - (0.906), L, 30-15-6, 60:00 minutes
Ondrej Pavelec (LAK), 26 saves from 27 shots - (0.963), W, 33-18-6, 60:00 minutes
Players Stats for Nordiques
Player Name G A P +/- PIM S H SB GA TA FO MP PP MP PK MP
------------------------------------------------------------------------------------
Adam Pineault 0 0 0 0 0 0 0 0 0 0 0/0 4:51 0:00 0:22
David Legwand 0 0 0 -2 0 1 2 3 0 0 11/26 19:09 3:36 2:57
Dustin Byfuglien 0 0 0 0 0 0 0 0 0 0 0/0 13:32 0:00 0:58
Evander Kane 1 0 1 -2 2 4 2 2 0 0 0/1 20:42 3:36 3:28
Fedor Tyutin 0 0 0 -1 0 0 4 0 0 1 0/0 20:58 2:00 4:10
Jay Bouwmeester 0 0 0 -1 0 5 1 3 0 0 0/0 26:46 5:17 4:11
Jiri Hudler 0 0 0 0 0 1 1 0 0 0 0/0 18:57 3:41 0:00
Maxim Talbot 0 0 0 0 0 1 0 0 0 1 3/5 11:03 0:00 0:01
Mike Brown 0 0 0 0 2 1 0 0 0 0 0/0 13:27 0:00 2:22
Mike Fisher 0 0 0 0 0 0 1 0 0 0 3/5 4:29 0:00 0:00
Paul Gaustad 0 0 0 0 0 0 0 0 0 0 0/0 0:29 0:11 0:00
R.J. Umberger 0 0 0 0 0 1 5 0 0 0 0/0 19:17 3:41 0:25
Ryan Ellis 0 0 0 -1 0 2 2 1 0 5 0/0 26:46 5:17 4:11
T.J. Fast 0 0 0 0 2 0 0 1 0 0 0/0 12:25 0:00 0:11
Tim Connolly 0 0 0 0 2 2 3 1 0 0 4/14 19:56 3:41 1:00
Trevor Daley 0 0 0 -1 2 0 4 2 0 3 0/0 20:10 2:00 3:23
Vladimir Tarasenko 0 1 1 -2 0 5 0 2 1 0 3/6 25:11 3:25 4:20
Zac Rinaldo 0 0 0 0 0 4 3 0 0 0 0/0 13:15 0:00 2:09
Players Stats for Kings
Player Name G A P +/- PIM S H SB GA TA FO MP PP MP PK MP
------------------------------------------------------------------------------------
Anze Kopitar 0 0 0 0 0 2 2 2 1 1 13/21 18:44 4:36 0:22
Blake Wheeler 0 1 1 1 0 1 1 0 1 0 2/5 13:39 0:08 4:30
Brad Boyes 0 0 0 0 2 2 0 0 0 0 0/0 10:46 0:11 0:00
Clarke MacArthur 0 0 0 0 0 1 1 0 1 0 0/0 10:25 0:00 0:00
Darnell Nurse 0 0 0 0 4 0 2 2 0 0 0/0 16:34 0:00 2:18
Dougie Hamilton 0 1 1 1 0 3 0 1 1 0 0/0 21:49 4:59 3:29
Gabriel Landeskog 0 0 0 0 0 2 1 1 0 0 0/0 18:44 4:36 0:22
Gilbert Brule 1 1 2 2 0 7 1 0 1 0 9/15 19:02 3:45 4:30
James Wright 0 0 0 0 0 1 1 0 1 0 5/11 13:19 0:17 2:25
Jason Akeson 0 1 1 1 0 0 0 0 1 0 0/0 14:32 3:45 0:00
Jeff Schultz 0 0 0 1 0 0 0 0 1 0 0/0 20:34 0:32 4:52
Matt Martin 2 0 2 1 0 4 1 0 0 0 1/1 14:32 3:45 0:00
Nick Leddy 0 0 0 1 0 3 2 1 0 0 0/0 20:06 4:27 0:00
Nikita Kucherov 0 0 0 0 0 1 3 0 0 0 0/0 17:57 4:33 0:00
Patrick Marleau 0 0 0 0 0 0 0 0 0 0 0/0 9:01 0:00 0:00
Peter Regin 0 0 0 0 0 3 1 0 0 0 3/4 11:38 0:00 2:25
Ryan Murray 0 0 0 0 2 0 1 0 2 0 0/0 19:51 3:33 1:30
Shea Weber 0 1 1 1 0 2 2 0 0 0 0/0 21:26 3:33 2:25
3 Stars
1 - Matt Martin (LAK)
2 - Gilbert Brule (LAK)
3 - Ondrej Pavelec (LAK)
Power Play
Nordiques - 1 on 4 Attempt(s) - 25.00%
Kings - 1 on 5 Attempt(s) - 20.00%
Penalty Kill
Nordiques - 4 on 5 Attempt(s) - 80.00%
- Score 0 goal in Penalty Kill
Kings - 3 on 4 Attempt(s) - 75.00%
- Score 1 goal in Penalty Kill
Team Stat
Nordiques - Hits : 28 - Faceoff Wins : 24 - Blocked Shots : 15 - Penalty Minutes : 10
Kings - Hits : 19 - Faceoff Wins : 33 - Blocked Shots : 7 - Penalty Minutes : 8
Official
Referees : Unknown
Linesman : Unknown
Game Notes
No Game Note
Finance
Level 1 -- Attendance: 5809 (96.82%) -- Ticket Income $580,900
Level 2 -- Attendance: 4706 (94.12%) -- Ticket Income $282,360
Level 3 -- Attendance: 2000 (100.00%) -- Ticket Income $60,000
Level 4 -- Attendance: 3895 (97.38%) -- Ticket Income $77,900
Luxury Box -- Attendance: 1000 (100.00%) -- Ticket Income $175,000
Game was played at the Staples Center.
Total Attendance: 17410 (96.72%)
Total Ticket Income: $1,176,160
Other Income: $176,424
Total Income: $1,352,584
Nordiques
5 vs 5 Forward
Center Left Wing Right Wing Time % Phy DF OF
1 David Legwand Evander Kane Vladimir Tarasenko 40 1 2 2
2 Tim Connolly R.J. Umberger Jiri Hudler 30 1 2 2
3 Maxim Talbot Zac Rinaldo Mike Brown 20 1 2 2
4 Mike Fisher Vladimir Tarasenko Adam Pineault 10 1 2 2
5 vs 5 Defense
Defense Defense Time % Phy DF OF
1 Ryan Ellis Jay Bouwmeester 40 1 2 2
2 Fedor Tyutin Trevor Daley 30 1 2 2
3 T.J. Fast Dustin Byfuglien 20 1 2 2
4 Ryan Ellis Jay Bouwmeester 10 1 2 2
PowerPlay Forward
Center Left Wing Right Wing Time % Phy DF OF
1 David Legwand Evander Kane Vladimir Tarasenko 60 1 2 2
2 Tim Connolly R.J. Umberger Jiri Hudler 40 1 2 2
PowerPlay Defense
Defense Defense Time % Phy DF OF
1 Ryan Ellis Jay Bouwmeester 60 1 2 2
2 Fedor Tyutin Trevor Daley 40 1 2 2
Penalty Kill 4 Players Forward
Center Wing Time % Phy DF OF
1 Vladimir Tarasenko Evander Kane 60 1 2 2
2 David Legwand Tim Connolly 40 1 2 2
Penalty Kill 4 Players Defense
Defense Defense Time % Phy DF OF
1 Ryan Ellis Jay Bouwmeester 60 1 2 2
2 Fedor Tyutin Trevor Daley 40 1 2 2
Penalty Kill - 3 Players Forward
Forward Time % Phy DF OF
1 Vladimir Tarasenko 60 1 2 2
2 Evander Kane 40 1 2 2
Penalty Kill - 3 Players Defense
Defense Defense Time % Phy DF OF
1 Ryan Ellis Jay Bouwmeester 60 1 2 2
2 Fedor Tyutin Trevor Daley 40 1 2 2
4 vs 4 Forward
Center Wing Time % Phy DF OF
1 Vladimir Tarasenko Evander Kane 60 1 2 2
2 David Legwand Tim Connolly 40 1 2 2
4 vs 4 Defense
Defense Defense Time % Phy DF OF
1 Ryan Ellis Jay Bouwmeester 60 1 2 2
2 Fedor Tyutin Trevor Daley 40 1 2 2
Last Minutes Offensive
Center Left Wing Right Wing Defense Defense
David Legwand Evander Kane Vladimir Tarasenko Ryan Ellis Jay Bouwmeester
Last Minutes Defensive
Center Left Wing Right Wing Defense Defense
David Legwand Evander Kane Vladimir Tarasenko Ryan Ellis Jay Bouwmeester
Goaltenders
Starting : Jonathan Quick
Backup : Julien Ellis
Extra Forwards
Normal : Paul Gaustad, Maxim Talbot, Mike Brown - PP : Paul Gaustad, Maxim Talbot - PK : Mike Brown
Extra Defensemen
Normal : T.J. Fast, Dustin Byfuglien, Fedor Tyutin - PP : T.J. Fast - PK : Dustin Byfuglien, Fedor Tyutin
Penalty Shots
Vladimir Tarasenko, Evander Kane, David Legwand, Tim Connolly, R.J. Umberger
Scratches
Cody McLeod (Healthy), Matt Gilroy (Healthy), James Sheppard (Healthy)
Kings
5 vs 5 Forward
Center Left Wing Right Wing Time % Phy DF OF
1 Anze Kopitar Gabriel Landeskog Nikita Kucherov 35 1 2 2
2 Gilbert Brule Matt Martin Jason Akeson 30 1 2 2
3 James Wright Clarke MacArthur Brad Boyes 20 1 2 2
4 Peter Regin Patrick Marleau Blake Wheeler 15 1 2 2
5 vs 5 Defense
Defense Defense Time % Phy DF OF
1 Jeff Schultz Ryan Murray 35 1 2 2
2 Shea Weber Nick Leddy 35 1 2 2
3 Darnell Nurse Dougie Hamilton 30 1 2 2
4 Nick Leddy Ryan Murray 0 1 2 2
PowerPlay Forward
Center Left Wing Right Wing Time % Phy DF OF
1 Anze Kopitar Gabriel Landeskog Nikita Kucherov 60 1 2 2
2 Gilbert Brule Matt Martin Jason Akeson 40 1 2 2
PowerPlay Defense
Defense Defense Time % Phy DF OF
1 Dougie Hamilton Nick Leddy 60 1 2 2
2 Shea Weber Ryan Murray 40 1 2 2
Penalty Kill 4 Players Forward
Center Wing Time % Phy DF OF
1 Blake Wheeler Gilbert Brule 60 1 3 1
2 James Wright Peter Regin 40 1 3 1
Penalty Kill 4 Players Defense
Defense Defense Time % Phy DF OF
1 Jeff Schultz Darnell Nurse 60 1 4 0
2 Ryan Murray Shea Weber 40 1 4 0
Penalty Kill - 3 Players Forward
Forward Time % Phy DF OF
1 Blake Wheeler 60 1 2 2
2 James Wright 40 1 2 2
Penalty Kill - 3 Players Defense
Defense Defense Time % Phy DF OF
1 Jeff Schultz Darnell Nurse 60 1 2 2
2 Ryan Murray Shea Weber 40 1 2 2
4 vs 4 Forward
Center Wing Time % Phy DF OF
1 Anze Kopitar Blake Wheeler 60 1 2 2
2 Gabriel Landeskog Nikita Kucherov 40 1 2 2
4 vs 4 Defense
Defense Defense Time % Phy DF OF
1 Shea Weber Ryan Murray 60 1 2 2
2 Darnell Nurse Dougie Hamilton 40 1 2 2
Last Minutes Offensive
Center Left Wing Right Wing Defense Defense
Anze Kopitar Gabriel Landeskog Nikita Kucherov Dougie Hamilton Nick Leddy
Last Minutes Defensive
Center Left Wing Right Wing Defense Defense
Anze Kopitar Gabriel Landeskog Blake Wheeler Jeff Schultz Darnell Nurse
Goaltenders
Starting : Ondrej Pavelec
Backup : John Gibson
Extra Forwards
Normal : Anze Kopitar, Gilbert Brule, Peter Regin - PP : James Wright, Brad Boyes - PK : Anze Kopitar
Extra Defensemen
Normal : Jeff Schultz, Darnell Nurse, Shea Weber - PP : Jeff Schultz - PK : Dougie Hamilton, Nick Leddy
Penalty Shots
Anze Kopitar, Gilbert Brule, Nikita Kucherov, Peter Regin, Patrick Marleau
Scratches
Adam Burish (Healthy), Jeremy Welsh (Healthy), Jason Missiaen (Healthy)
% Time on Ice - Nordiques
Lines # - Real PCT - Wanted PCT - Time Play
Normal Forward
1 - 31% - 40% - 13:39
2 - 35% - 30% - 15:16
3 - 24% - 20% - 10:47
4 - 10% - 10% - 4:29
Normal Defense
1 - 38% - 40% - 16:50
2 - 33% - 30% - 14:48
3 - 27% - 20% - 11:46
4 - 2% - 10% - 0:47
PP Forward
1 - 49% - 60% - 3:36
2 - 51% - 40% - 3:41
PP Defense
1 - 73% - 60% - 5:17
2 - 27% - 40% - 2:00
PK Forward
1 - 80% - 60% - 6:52
2 - 20% - 40% - 1:40
PK Defense
1 - 51% - 60% - 4:22
2 - 49% - 40% - 4:10
PK3 Forward
1 - 0% - 60%
2 - 0% - 40%
PK3 Defense
1 - 0% - 60%
2 - 0% - 40%
44 Forward
1 - 0% - 60%
2 - 0% - 40%
44 Defense
1 - 0% - 60%
2 - 0% - 40%
Last Minute Offensive - 0:00
Last Minute Defensive - 0:00
Total
Forward - 60:00
Defense - 60:00
|
% Time on Ice - Kings
Lines # - Real PCT - Wanted PCT - Time Play
Normal Forward
1 - 31% - 35% - 13:46
2 - 25% - 30% - 10:59
3 - 24% - 20% - 10:25
4 - 20% - 15% - 9:01
Normal Defense
1 - 35% - 35% - 15:29
2 - 35% - 35% - 15:28
3 - 29% - 30% - 12:59
4 - 1% - 0% - 0:15
PP Forward
1 - 56% - 60% - 4:47
2 - 44% - 40% - 3:45
PP Defense
1 - 58% - 60% - 4:59
2 - 42% - 40% - 3:33
PK Forward
1 - 67% - 60% - 4:52
2 - 33% - 40% - 2:25
PK Defense
1 - 67% - 60% - 4:52
2 - 33% - 40% - 2:25
PK3 Forward
1 - 0% - 60%
2 - 0% - 40%
PK3 Defense
1 - 0% - 60%
2 - 0% - 40%
44 Forward
1 - 0% - 60%
2 - 0% - 40%
44 Defense
1 - 0% - 60%
2 - 0% - 40%
Last Minute Offensive - 0:00
Last Minute Defensive - 0:00
Total
Forward - 60:00
Defense - 60:00
|
Play-by-Play
1st period
0:01 of 1st period - David Legwand wins face-off versus Anze Kopitar in neutral zone.
0:47 of 1st period - Snap shot by James Wright.
0:47 of 1st period - Shot Misses the Net.
0:55 of 1st period - Snap shot by Maxim Talbot.
0:55 of 1st period - Stopped by Ondrej Pavelec without a rebound.
0:56 of 1st period - Mike Fisher wins face-off versus Peter Regin in Kings zone.
1:03 of 1st period - Snap shot by Vladimir Tarasenko.
1:03 of 1st period - Stopped by Ondrej Pavelec with a rebound.
1:09 of 1st period - Snap shot by Peter Regin.
1:09 of 1st period - Shot Misses the Net.
1:44 of 1st period - Wrist shot by Zac Rinaldo.
1:44 of 1st period - Stopped by Ondrej Pavelec without a rebound.
1:45 of 1st period - Maxim Talbot wins face-off versus Gilbert Brule in Kings zone.
1:51 of 1st period - Minor Penalty to Ryan Murray for Slashing.
1:52 of 1st period - Blake Wheeler wins face-off versus David Legwand in Kings zone.
2:21 of 1st period - Off-side.
2:22 of 1st period - James Wright wins face-off versus Tim Connolly in neutral zone.
2:25 of 1st period - Slapshot by Shea Weber.
2:25 of 1st period - Deflect By R.J. Umberger.
2:25 of 1st period - Stopped by Jonathan Quick with a rebound.
3:33 of 1st period - Dougie Hamilton is hit by Fedor Tyutin and loses puck.
3:51 of 1st period - Penalty to Ryan Murray is over, Ryan Murray is back on ice.
4:06 of 1st period - Wrist shot by Nikita Kucherov.
4:06 of 1st period - Stopped by Jonathan Quick without a rebound.
4:07 of 1st period - James Wright wins face-off versus David Legwand in Nordiques zone.
4:10 of 1st period - Wrist shot by Clarke MacArthur.
4:10 of 1st period - Deflect By Brad Boyes.
4:10 of 1st period - Stopped by Jonathan Quick with a rebound.
4:18 of 1st period - Wrist shot by James Wright.
4:18 of 1st period - Stopped by Jonathan Quick with a rebound.
4:20 of 1st period - Slapshot by Jeff Schultz.
4:20 of 1st period - Shot Blocked by David Legwand.
4:45 of 1st period - Nick Leddy is hit by Trevor Daley and loses puck.
5:01 of 1st period - Off-side.
5:02 of 1st period - Mike Fisher wins face-off versus Gilbert Brule in neutral zone.
5:07 of 1st period - Snap shot by Vladimir Tarasenko.
5:07 of 1st period - Shot Hit the Post.
5:09 of 1st period - Slapshot by Ryan Ellis.
5:09 of 1st period - Stopped by Ondrej Pavelec without a rebound.
5:10 of 1st period - Gilbert Brule wins face-off versus David Legwand in Kings zone.
5:19 of 1st period - Snap shot by Gilbert Brule.
5:19 of 1st period - Shot Blocked by Vladimir Tarasenko.
5:21 of 1st period - Wrist shot by Gilbert Brule.
5:21 of 1st period - Shot Misses the Net.
5:23 of 1st period - Slapshot by Gilbert Brule.
5:23 of 1st period - Shot Misses the Net.
6:18 of 1st period - Slapshot by Adam Pineault.
6:18 of 1st period - Shot Misses the Net.
6:24 of 1st period - Snap shot by Vladimir Tarasenko.
6:24 of 1st period - Shot Misses the Net.
6:26 of 1st period - Slapshot by Ryan Ellis.
6:26 of 1st period - Shot Blocked by Nick Leddy.
6:35 of 1st period - Minor Penalty to Mike Brown for Holding.
6:36 of 1st period - Vladimir Tarasenko wins face-off versus Anze Kopitar in Nordiques zone.
7:11 of 1st period - Wrist shot by Jason Akeson.
7:11 of 1st period - Deflect By Matt Martin.
7:11 of 1st period - Goal by Matt Martin - Nordiques : 0 - Kings : 1.
7:12 of 1st period - Gilbert Brule wins face-off versus David Legwand in neutral zone.
7:37 of 1st period - Jeff Schultz is hit by R.J. Umberger.
7:55 of 1st period - Nick Leddy is hit by R.J. Umberger and loses puck.
8:23 of 1st period - Slapshot by Jay Bouwmeester.
8:23 of 1st period - Stopped by Ondrej Pavelec without a rebound.
8:24 of 1st period - Peter Regin wins face-off versus Maxim Talbot in Kings zone.
8:31 of 1st period - Snap shot by Maxim Talbot.
8:31 of 1st period - Shot Hit the Post.
8:40 of 1st period - Minor Penalty to Darnell Nurse for Hooking.
8:41 of 1st period - David Legwand wins face-off versus Blake Wheeler in Kings zone.
8:47 of 1st period - Slapshot by Ryan Ellis.
8:47 of 1st period - Stopped by Ondrej Pavelec with a rebound.
8:49 of 1st period - Slapshot by Ryan Ellis.
8:49 of 1st period - Deflect By David Legwand.
8:49 of 1st period - Stopped by Ondrej Pavelec with a rebound.
8:51 of 1st period - Snap shot by Jay Bouwmeester.
8:51 of 1st period - Stopped by Ondrej Pavelec with a rebound.
8:53 of 1st period - Snap shot by David Legwand.
8:53 of 1st period - Shot Misses the Net.
8:55 of 1st period - Slapshot by Jay Bouwmeester.
8:55 of 1st period - Stopped by Ondrej Pavelec without a rebound.
8:56 of 1st period - David Legwand wins face-off versus Gilbert Brule in Kings zone.
9:07 of 1st period - Slapshot by Gilbert Brule.
9:07 of 1st period - Stopped by Jonathan Quick with a rebound.
9:09 of 1st period - Backhand shot by Gilbert Brule.
9:09 of 1st period - Goal by Gilbert Brule - Nordiques : 0 - Kings : 2.
9:10 of 1st period - David Legwand wins face-off versus Blake Wheeler in neutral zone.
9:28 of 1st period - Icing by Vladimir Tarasenko.
9:29 of 1st period - James Wright wins face-off versus David Legwand in Nordiques zone.
9:34 of 1st period - Wrist shot by Peter Regin.
9:34 of 1st period - Shot Blocked by Evander Kane.
9:36 of 1st period - Slapshot by Jeff Schultz.
9:36 of 1st period - Shot Blocked by Jay Bouwmeester.
9:38 of 1st period - Snap shot by Jeff Schultz.
9:38 of 1st period - Shot Misses the Net.
9:40 of 1st period - Slapshot by Jeff Schultz.
9:40 of 1st period - Shot Blocked by David Legwand.
9:50 of 1st period - Snap shot by Evander Kane.
9:50 of 1st period - Shot Blocked by Dougie Hamilton.
10:00 of 1st period - Snap shot by Evander Kane.
10:00 of 1st period - Goal by Evander Kane - Nordiques : 1 - Kings : 2.
10:01 of 1st period - Anze Kopitar wins face-off versus Tim Connolly in neutral zone.
10:14 of 1st period - Slapshot by R.J. Umberger.
10:14 of 1st period - Shot Misses the Net.
10:16 of 1st period - Wrist shot by Jay Bouwmeester.
10:16 of 1st period - Stopped by Ondrej Pavelec with a rebound.
10:56 of 1st period - Shea Weber is hit by Zac Rinaldo and loses puck.
11:17 of 1st period - Snap shot by Peter Regin.
11:17 of 1st period - Stopped by Jonathan Quick with a rebound.
11:19 of 1st period - Slapshot by Shea Weber.
11:19 of 1st period - Shot Misses the Net.
11:21 of 1st period - Slapshot by Nick Leddy.
11:21 of 1st period - Deflect By Peter Regin.
11:21 of 1st period - Stopped by Jonathan Quick without a rebound.
11:22 of 1st period - Anze Kopitar wins face-off versus David Legwand in Nordiques zone.
11:57 of 1st period - Trevor Daley is hit by Gilbert Brule and loses puck.
12:22 of 1st period - Slapshot by Clarke MacArthur.
12:22 of 1st period - Shot Misses the Net.
12:55 of 1st period - Off-side.
12:56 of 1st period - Anze Kopitar wins face-off versus David Legwand in neutral zone.
13:01 of 1st period - Snap shot by Nikita Kucherov.
13:01 of 1st period - Shot Blocked by Evander Kane.
13:03 of 1st period - Slapshot by Shea Weber.
13:03 of 1st period - Shot Blocked by Jay Bouwmeester.
13:05 of 1st period - Snap shot by Gabriel Landeskog.
13:05 of 1st period - Stopped by Jonathan Quick with a rebound.
13:07 of 1st period - Slapshot by Shea Weber.
13:07 of 1st period - Shot Blocked by Ryan Ellis.
13:09 of 1st period - Snap shot by Anze Kopitar.
13:09 of 1st period - Shot Misses the Net.
13:11 of 1st period - Slapshot by Shea Weber.
13:11 of 1st period - Stopped by Jonathan Quick without a rebound.
13:12 of 1st period - Gilbert Brule wins face-off versus Tim Connolly in Nordiques zone.
13:23 of 1st period - Snap shot by Matt Martin.
13:23 of 1st period - Stopped by Jonathan Quick without a rebound.
13:24 of 1st period - Anze Kopitar wins face-off versus David Legwand in Nordiques zone.
13:37 of 1st period - Wrist shot by Evander Kane.
13:37 of 1st period - Shot Misses the Net.
13:39 of 1st period - Snap shot by Evander Kane.
13:39 of 1st period - Stopped by Ondrej Pavelec without a rebound.
13:40 of 1st period - Gilbert Brule wins face-off versus Tim Connolly in Kings zone.
13:40 of 1st period - Gilbert Brule is hit by Fedor Tyutin.
14:09 of 1st period - Jeff Schultz is hit by Trevor Daley.
14:23 of 1st period - Minor Penalty to Trevor Daley for Roughing.
14:24 of 1st period - Anze Kopitar wins face-off versus Vladimir Tarasenko in Nordiques zone.
14:27 of 1st period - Slapshot by Anze Kopitar.
14:27 of 1st period - Stopped by Jonathan Quick without a rebound.
14:28 of 1st period - Vladimir Tarasenko wins face-off versus Anze Kopitar in Nordiques zone.
14:39 of 1st period - Vladimir Tarasenko is hit by Anze Kopitar and loses puck.
15:25 of 1st period - Fedor Tyutin is hit by Nick Leddy and loses puck.
16:17 of 1st period - Jay Bouwmeester is hit by Ryan Murray.
16:23 of 1st period - Penalty to Trevor Daley is over, Trevor Daley is back on ice.
16:49 of 1st period - Slapshot by Vladimir Tarasenko.
16:49 of 1st period - Stopped by Ondrej Pavelec with a rebound.
16:51 of 1st period - Snap shot by Vladimir Tarasenko.
16:51 of 1st period - Stopped by Ondrej Pavelec without a rebound.
16:52 of 1st period - Tim Connolly wins face-off versus James Wright in Kings zone.
17:00 of 1st period - Minor Penalty to Brad Boyes for Hooking.
17:01 of 1st period - Blake Wheeler wins face-off versus Tim Connolly in Kings zone.
17:08 of 1st period - Snap shot by Gilbert Brule.
17:08 of 1st period - Shot Hit the Post.
17:32 of 1st period - Wrist shot by Evander Kane.
17:32 of 1st period - Shot Hit the Post.
17:34 of 1st period - Slapshot by Fedor Tyutin.
17:34 of 1st period - Shot Misses the Net.
17:36 of 1st period - Wrist shot by Vladimir Tarasenko.
17:36 of 1st period - Deflect By Evander Kane.
17:36 of 1st period - Shot Misses the Net.
17:36 of 1st period - Puck is out of play.
17:37 of 1st period - David Legwand wins face-off versus James Wright in Kings zone.
17:42 of 1st period - Wrist shot by Evander Kane.
17:42 of 1st period - Deflect By David Legwand.
17:42 of 1st period - Shot Misses the Net.
17:42 of 1st period - Puck is out of play.
17:43 of 1st period - James Wright wins face-off versus David Legwand in Kings zone.
18:14 of 1st period - Snap shot by R.J. Umberger.
18:14 of 1st period - Shot Misses the Net.
19:00 of 1st period - Penalty to Brad Boyes is over, Brad Boyes is back on ice.
19:10 of 1st period - Off-side.
19:11 of 1st period - Maxim Talbot wins face-off versus Anze Kopitar in neutral zone.
19:14 of 1st period - Snap shot by Zac Rinaldo.
19:14 of 1st period - Stopped by Ondrej Pavelec without a rebound.
19:15 of 1st period - David Legwand wins face-off versus Anze Kopitar in Kings zone.
19:20 of 1st period - Snap shot by David Legwand.
19:20 of 1st period - Deflect By Evander Kane.
19:20 of 1st period - Shot Misses the Net.
19:20 of 1st period - Puck is out of play.
19:21 of 1st period - Anze Kopitar wins face-off versus David Legwand in Kings zone.
19:29 of 1st period - Evander Kane is hit by Anze Kopitar and loses puck.
19:40 of 1st period - Snap shot by Anze Kopitar.
19:40 of 1st period - Stopped by Jonathan Quick without a rebound.
19:41 of 1st period - Tim Connolly wins face-off versus Gilbert Brule in Nordiques zone.
19:41 of 1st period - Tim Connolly is hit by Matt Martin.
Goals for this period are 1 for Nordiques vs 2 for Kings.
Shots for this period are 15 for Nordiques vs 14 for Kings.
2nd period
0:01 of 2nd period - David Legwand wins face-off versus Gilbert Brule in neutral zone.
0:06 of 2nd period - Wrist shot by Evander Kane.
0:06 of 2nd period - Shot Blocked by Darnell Nurse.
0:37 of 2nd period - Snap shot by Anze Kopitar.
0:37 of 2nd period - Shot Misses the Net.
0:47 of 2nd period - Ryan Ellis is hit by Shea Weber and loses puck.
0:56 of 2nd period - Blake Wheeler is hit by Tim Connolly and loses puck.
1:25 of 2nd period - Slapshot by Ryan Ellis.
1:25 of 2nd period - Deflect By Tim Connolly.
1:25 of 2nd period - Stopped by Ondrej Pavelec with a rebound.
1:57 of 2nd period - Slapshot by Tim Connolly.
1:57 of 2nd period - Stopped by Ondrej Pavelec without a rebound.
1:58 of 2nd period - Matt Martin wins face-off versus David Legwand in Kings zone.
2:06 of 2nd period - Minor Penalty to Evander Kane for Boarding.
2:07 of 2nd period - Anze Kopitar wins face-off versus Vladimir Tarasenko in Nordiques zone.
2:15 of 2nd period - Backhand shot by Gabriel Landeskog.
2:15 of 2nd period - Shot Misses the Net.
2:43 of 2nd period - Slapshot by Gilbert Brule.
2:43 of 2nd period - Stopped by Jonathan Quick with a rebound.
3:08 of 2nd period - Ryan Ellis is hit by Nikita Kucherov and loses puck.
4:06 of 2nd period - Penalty to Evander Kane is over, Evander Kane is back on ice.
4:18 of 2nd period - Slapshot by Nick Leddy.
4:18 of 2nd period - Stopped by Jonathan Quick with a rebound.
4:20 of 2nd period - Slapshot by Dougie Hamilton.
4:20 of 2nd period - Stopped by Jonathan Quick with a rebound.
4:22 of 2nd period - Slapshot by Nick Leddy.
4:22 of 2nd period - Shot Blocked by T.J. Fast.
4:24 of 2nd period - Slapshot by James Wright.
4:24 of 2nd period - Deflect By Clarke MacArthur.
4:24 of 2nd period - Shot Misses the Net.
4:24 of 2nd period - Puck is out of play.
4:25 of 2nd period - Peter Regin wins face-off versus David Legwand in Nordiques zone.
4:28 of 2nd period - Snap shot by Blake Wheeler.
4:28 of 2nd period - Shot Misses the Net.
5:29 of 2nd period - Gilbert Brule is hit by David Legwand and loses puck.
5:51 of 2nd period - Minor Penalty to Darnell Nurse for Goalie Interference.
5:52 of 2nd period - David Legwand wins face-off versus Blake Wheeler in Kings zone.
6:23 of 2nd period - Jeff Schultz is hit by Tim Connolly and loses puck.
6:36 of 2nd period - Snap shot by Tim Connolly.
6:36 of 2nd period - Shot Misses the Net.
7:42 of 2nd period - Anze Kopitar is hit by R.J. Umberger.
7:51 of 2nd period - Penalty to Darnell Nurse is over, Darnell Nurse is back on ice.
7:51 of 2nd period - Shea Weber is hit by R.J. Umberger and loses puck.
8:12 of 2nd period - Slapshot by Ryan Ellis.
8:12 of 2nd period - Deflect By Tim Connolly.
8:12 of 2nd period - Shot Blocked by Anze Kopitar.
8:12 of 2nd period - Puck is out of play.
8:13 of 2nd period - James Wright wins face-off versus Maxim Talbot in Kings zone.
8:26 of 2nd period - Trevor Daley is hit by Darnell Nurse and loses puck.
8:45 of 2nd period - Backhand shot by Gilbert Brule.
8:45 of 2nd period - Stopped by Jonathan Quick with a rebound.
9:02 of 2nd period - Icing by T.J. Fast.
9:03 of 2nd period - Peter Regin wins face-off versus Mike Fisher in Nordiques zone.
9:43 of 2nd period - Slapshot by Matt Martin.
9:43 of 2nd period - Goal by Matt Martin - Nordiques : 1 - Kings : 3.
9:44 of 2nd period - Anze Kopitar wins face-off versus David Legwand in neutral zone.
9:46 of 2nd period - Ryan Murray is hit by Evander Kane and loses puck.
10:03 of 2nd period - Anze Kopitar is hit by Ryan Ellis and loses puck.
10:17 of 2nd period - Off-side.
10:18 of 2nd period - Gilbert Brule wins face-off versus Tim Connolly in neutral zone.
10:29 of 2nd period - Snap shot by Gilbert Brule.
10:29 of 2nd period - Stopped by Jonathan Quick without a rebound.
10:30 of 2nd period - Anze Kopitar wins face-off versus David Legwand in Nordiques zone.
10:37 of 2nd period - Wrist shot by Anze Kopitar.
10:37 of 2nd period - Shot Misses the Net.
11:20 of 2nd period - Dougie Hamilton is hit by Tim Connolly and loses puck.
11:47 of 2nd period - Backhand shot by Evander Kane.
11:47 of 2nd period - Shot Misses the Net.
11:59 of 2nd period - Snap shot by Vladimir Tarasenko.
11:59 of 2nd period - Stopped by Ondrej Pavelec with a rebound.
12:59 of 2nd period - Wrist shot by Maxim Talbot.
12:59 of 2nd period - Shot Misses the Net.
13:39 of 2nd period - Snap shot by Jason Akeson.
13:39 of 2nd period - Deflect By Matt Martin.
13:39 of 2nd period - Stopped by Jonathan Quick without a rebound.
13:40 of 2nd period - Gilbert Brule wins face-off versus Tim Connolly in Nordiques zone.
14:05 of 2nd period - Jason Akeson is hit by Ryan Ellis and loses puck.
14:32 of 2nd period - Gabriel Landeskog is hit by Zac Rinaldo and loses puck.
14:57 of 2nd period - Wrist shot by Clarke MacArthur.
14:57 of 2nd period - Stopped by Jonathan Quick with a rebound.
14:59 of 2nd period - Wrist shot by Jeff Schultz.
14:59 of 2nd period - Shot Misses the Net.
15:41 of 2nd period - Slapshot by Anze Kopitar.
15:41 of 2nd period - Shot Blocked by Jay Bouwmeester.
16:09 of 2nd period - Ryan Ellis is hit by Clarke MacArthur.
17:15 of 2nd period - Mike Brown is hit by Peter Regin and loses puck.
18:22 of 2nd period - Trevor Daley is hit by Gabriel Landeskog and loses puck.
18:34 of 2nd period - Mike Brown is hit by Nikita Kucherov and loses puck.
18:45 of 2nd period - Snap shot by Maxim Talbot.
18:45 of 2nd period - Shot Misses the Net.
18:47 of 2nd period - Slapshot by Jay Bouwmeester.
18:47 of 2nd period - Shot Blocked by Gabriel Landeskog.
18:49 of 2nd period - Snap shot by Mike Brown.
18:49 of 2nd period - Stopped by Ondrej Pavelec without a rebound.
18:50 of 2nd period - Gilbert Brule wins face-off versus Tim Connolly in Kings zone.
19:01 of 2nd period - Wrist shot by Jiri Hudler.
19:01 of 2nd period - Stopped by Ondrej Pavelec without a rebound.
19:02 of 2nd period - Gilbert Brule wins face-off versus David Legwand in Kings zone.
19:34 of 2nd period - Brad Boyes is hit by Jiri Hudler and loses puck.
Goals for this period are 0 for Nordiques vs 1 for Kings.
Shots for this period are 5 for Nordiques vs 8 for Kings.
3rd period
0:01 of 3rd period - Anze Kopitar wins face-off versus Evander Kane in neutral zone.
0:26 of 3rd period - Ryan Murray is hit by R.J. Umberger and loses puck.
1:13 of 3rd period - Snap shot by Evander Kane.
1:13 of 3rd period - Stopped by Ondrej Pavelec without a rebound.
1:14 of 3rd period - David Legwand wins face-off versus Anze Kopitar in Kings zone.
1:19 of 3rd period - Snap shot by Evander Kane.
1:19 of 3rd period - Stopped by Ondrej Pavelec without a rebound.
1:20 of 3rd period - David Legwand wins face-off versus Anze Kopitar in Kings zone.
1:33 of 3rd period - Snap shot by Vladimir Tarasenko.
1:33 of 3rd period - Shot Blocked by Anze Kopitar.
1:35 of 3rd period - Wrist shot by Jay Bouwmeester.
1:35 of 3rd period - Shot Misses the Net.
1:37 of 3rd period - Slapshot by Jay Bouwmeester.
1:37 of 3rd period - Deflect By Anze Kopitar.
1:37 of 3rd period - Stopped by Ondrej Pavelec without a rebound.
1:38 of 3rd period - Gilbert Brule wins face-off versus Tim Connolly in Kings zone.
1:45 of 3rd period - Snap shot by Gilbert Brule.
1:45 of 3rd period - Shot Blocked by Trevor Daley.
2:51 of 3rd period - Icing by Ryan Ellis.
2:52 of 3rd period - Mike Fisher wins face-off versus James Wright in Nordiques zone.
3:35 of 3rd period - Nikita Kucherov is hit by Evander Kane and loses puck.
3:55 of 3rd period - Snap shot by Jason Akeson.
3:55 of 3rd period - Shot Misses the Net.
3:57 of 3rd period - Slapshot by Dougie Hamilton.
3:57 of 3rd period - Stopped by Jonathan Quick without a rebound.
3:58 of 3rd period - Tim Connolly wins face-off versus Gilbert Brule in Nordiques zone.
4:25 of 3rd period - Snap shot by Gilbert Brule.
4:25 of 3rd period - Stopped by Jonathan Quick with a rebound.
4:27 of 3rd period - Minor Penalty to Tim Connolly for Roughing.
4:28 of 3rd period - Vladimir Tarasenko wins face-off versus Anze Kopitar in Nordiques zone.
4:37 of 3rd period - Snap shot by Gabriel Landeskog.
4:37 of 3rd period - Stopped by Jonathan Quick with a rebound.
4:55 of 3rd period - Ryan Ellis is hit by Nick Leddy and loses puck.
5:19 of 3rd period - Nick Leddy is hit by Fedor Tyutin and loses puck.
6:27 of 3rd period - Penalty to Tim Connolly is over, Tim Connolly is back on ice.
6:42 of 3rd period - Dustin Byfuglien is hit by James Wright and loses puck.
7:14 of 3rd period - Adam Pineault is hit by Darnell Nurse and loses puck.
7:45 of 3rd period - Brad Boyes is hit by Mike Fisher and loses puck.
8:43 of 3rd period - Zac Rinaldo is hit by Nikita Kucherov and loses puck.
8:55 of 3rd period - Maxim Talbot is hit by Shea Weber and loses puck.
9:08 of 3rd period - Snap shot by Peter Regin.
9:08 of 3rd period - Stopped by Jonathan Quick with a rebound.
9:10 of 3rd period - Wrist shot by Peter Regin.
9:10 of 3rd period - Shot Blocked by Trevor Daley.
9:12 of 3rd period - Backhand shot by Blake Wheeler.
9:12 of 3rd period - Stopped by Jonathan Quick with a rebound.
9:14 of 3rd period - Slapshot by Blake Wheeler.
9:14 of 3rd period - Shot Misses the Net.
9:24 of 3rd period - Snap shot by Zac Rinaldo.
9:24 of 3rd period - Shot Misses the Net.
9:32 of 3rd period - Snap shot by Matt Martin.
9:32 of 3rd period - Shot Blocked by Tim Connolly.
10:37 of 3rd period - Minor Penalty to T.J. Fast for High sticking.
10:38 of 3rd period - Anze Kopitar wins face-off versus Vladimir Tarasenko in Nordiques zone.
10:55 of 3rd period - Snap shot by Anze Kopitar.
10:55 of 3rd period - Shot Misses the Net.
11:25 of 3rd period - Nikita Kucherov is hit by Jay Bouwmeester and loses puck.
12:37 of 3rd period - Penalty to T.J. Fast is over, T.J. Fast is back on ice.
12:46 of 3rd period - Snap shot by Brad Boyes.
12:46 of 3rd period - Stopped by Jonathan Quick without a rebound.
12:47 of 3rd period - Tim Connolly wins face-off versus James Wright in Nordiques zone.
13:17 of 3rd period - Wrist shot by Vladimir Tarasenko.
13:17 of 3rd period - Stopped by Ondrej Pavelec without a rebound.
13:18 of 3rd period - Anze Kopitar wins face-off versus Mike Fisher in Kings zone.
13:18 of 3rd period - Anze Kopitar is hit by Fedor Tyutin.
13:34 of 3rd period - Snap shot by Adam Pineault.
13:34 of 3rd period - Shot Misses the Net.
14:38 of 3rd period - Wrist shot by Clarke MacArthur.
14:38 of 3rd period - Shot Misses the Net.
14:50 of 3rd period - Snap shot by R.J. Umberger.
14:50 of 3rd period - Shot Misses the Net.
14:52 of 3rd period - Slapshot by Fedor Tyutin.
14:52 of 3rd period - Shot Misses the Net.
14:54 of 3rd period - Slapshot by R.J. Umberger.
14:54 of 3rd period - Stopped by Ondrej Pavelec without a rebound.
14:55 of 3rd period - Anze Kopitar wins face-off versus Tim Connolly in Kings zone.
16:09 of 3rd period - Wrist shot by Gilbert Brule.
16:09 of 3rd period - Stopped by Jonathan Quick with a rebound.
16:11 of 3rd period - Wrist shot by Matt Martin.
16:11 of 3rd period - Shot Misses the Net.
16:13 of 3rd period - Snap shot by Jason Akeson.
16:13 of 3rd period - Shot Misses the Net.
16:46 of 3rd period - Gabriel Landeskog is hit by Trevor Daley and loses puck.
17:07 of 3rd period - Shea Weber is hit by Trevor Daley and loses puck.
17:52 of 3rd period - Dustin Byfuglien is hit by Blake Wheeler and loses puck.
18:05 of 3rd period - Slapshot by T.J. Fast.
18:05 of 3rd period - Shot Blocked by Darnell Nurse.
18:07 of 3rd period - Slapshot by Dustin Byfuglien.
18:07 of 3rd period - Deflect By Zac Rinaldo.
18:07 of 3rd period - Stopped by Ondrej Pavelec without a rebound.
18:08 of 3rd period - Maxim Talbot wins face-off versus James Wright in Kings zone.
18:23 of 3rd period - Slapshot by Zac Rinaldo.
18:23 of 3rd period - Stopped by Ondrej Pavelec with a rebound.
18:39 of 3rd period - Blake Wheeler is hit by David Legwand and loses puck.
19:03 of 3rd period - Snap shot by Dougie Hamilton.
19:03 of 3rd period - Stopped by Jonathan Quick without a rebound.
19:04 of 3rd period - David Legwand wins face-off versus James Wright in Nordiques zone.
19:12 of 3rd period - Wrist shot by Brad Boyes.
19:12 of 3rd period - Shot Blocked by David Legwand.
19:14 of 3rd period - Slapshot by Nick Leddy.
19:14 of 3rd period - Stopped by Jonathan Quick with a rebound.
19:16 of 3rd period - Slapshot by Nick Leddy.
19:16 of 3rd period - Stopped by Jonathan Quick with a rebound.
19:18 of 3rd period - Slapshot by Shea Weber.
19:18 of 3rd period - Shot Misses the Net.
19:20 of 3rd period - Slapshot by Shea Weber.
19:20 of 3rd period - Shot Blocked by Vladimir Tarasenko.
19:30 of 3rd period - Blake Wheeler is hit by Zac Rinaldo.
Goals for this period are 0 for Nordiques vs 0 for Kings.
Shots for this period are 7 for Nordiques vs 10 for Kings.
Back to the Top